 Dungeon Sprint DCSS version 0.19.0-19-g8c6edcc (webtiles) character file.

53 poirepourri the Skirmisher (level 3, -3/28 HPs)
             Began as a Gargoyle Fighter on Nov 15, 2016.
             Slain by a water elemental (15 damage)
             ... in the Dungeon (Sprint III: "The Ten Rune Challenge").
             The game lasted 00:00:50 (246 turns).

poirepourri the Skirmisher (Gargoyle Fighter)        Turns: 246, Time: 00:00:50

Health: -3/28      AC: 10    Str: 20    XL:     3   Next: 89%
Magic:  3/3        EV:  7    Int:  8    God:
Gold:   17         SH:  9    Dex:  9    Spells: 0 memorised, 2 levels left

rFire  . . .     SeeInvis .     a - +0 flail
rCold  . . .     Gourm    .     b - +0 scale mail
rNeg   + . .     Faith    .     c - +0 shield
rPois  ∞         Spirit   .     (no helmet)
rElec  +         Reflect  .     (no cloak)
rCorr  .         Harm     .     (no gloves)
MR     .....     NoTele   +     (no boots)
Stlth  ..........               (no amulet)
                                (no ring)
                                (no ring)

@: engulfed
A: negative energy resistance 1, electricity resistance, unbreathing,
petrification resistance, rot immunity, AC +3
a: no special abilities


You were in the Dungeon.
You were not hungry.

You visited 1 branch You collected 17 gold pieces.

Inventory:

Hand Weapons
 a - a +0 flail (weapon)
Armour
 b - a +0 scale mail (worn)
 c - a +0 shield (worn)
Scrolls
 k - a scroll of blinking
Potions
 d - a potion of might
 e - 2 potions of curing
 h - a potion of haste
 i - 2 potions of magic
 j - 2 potions of mutation
 m - 2 potions of ambrosia
 q - a potion of berserk rage
 t - a potion of cure mutation
 u - 2 potions of flight
Comestibles
 f - a bread ration
 p - a fruit
 s - a royal jelly


   Skills:
 + Level 6.9 Fighting
 + Level 4.6 Maces & Flails
 - Level 3.2 Armour
 + Level 1.2 Dodging
 - Level 3.2 Shields


You had 2 spell levels left.
You didn't know any spells.

Dungeon Overview and Level Annotations

Branches:
Dungeon (1/1)

Altars:


Innate Abilities, Weirdness & Mutations

You are resistant to torment.
Your stone body is resilient. (AC +3)
You are immune to poison.
You resist negative energy. (rN+)
You are resistant to electric shocks. (rElec)
You can survive without breathing.
You are immune to petrification.
You are immune to rotting.


Message History

The water elemental is moderately damaged.
The water elemental barely misses you.
You hit the water elemental but do no damage.
The water elemental is moderately damaged.
The water elemental hits you.
You feel much better. The water elemental hits you!
You hit the water elemental.
The water elemental is moderately damaged.
The water elemental hits you. The water elemental closely misses you.
You sock the water elemental!
The water elemental is severely damaged.
The water elemental barely misses you.
You barely miss the water elemental.
The water elemental is severely damaged.
The water elemental barely misses you.
You hit the water elemental.
The water elemental is almost destroyed.
The water elemental hits you!
Ouch! That really hurt!
You die...

▓▓▓▓▓▓▓▓▓▓ ▓▓▓
<.#..'...♣♣ ♣.#
..#..#....♣♣♣ ♣♣.#
#'####....♣.♣ ♣..#
.....#....≈.♣♣♣..# #+#+#
.....#...≈≈♣♣♣...#......
.....#..≈≈≈≈♣...@E.⌠....
####'#..≈≈≈≈≈≈...#...###
...[†#.≈≈≈≈≈≈....# ⌠.#
.....#.≈≈≈≈≈.....# .#
.....#.≈≈≈.......# #
'#####...........#
....†............#
▓▓▓▓▓▓▓▓▓▓▓▓▓▓▓▓▓▓


You could see a water elemental.

Vanquished Creatures
  Jessica (D)
  A human (D)
  An ooze (D)
  A phantom (D)
  2 rats (D)
6 creatures vanquished.

Vanquished Creatures (others)
  2 draconian scorchers (D)
  5 hellions (D)
7 creatures vanquished.

Grand Total: 13 creatures vanquished

Notes
Turn   | Place    | Note
-------+----------+-------------------------------------------
     0 | D        | poirepourri the Gargoyle Fighter began the quest for the Orb.
     0 | D        | Reached XP level 1. HP: 14/14 MP: 1/1
     7 | D        | Reached skill level 4 in Fighting
    35 | D        | Noticed Jessica
    42 | D        | Killed Jessica
    42 | D        | Reached skill level 6 in Fighting
    42 | D        | Reached XP level 2. HP: 16/22 MP: 2/2
    42 | D        | Reached XP level 3. HP: 20/27 MP: 3/3
    71 | D        | Killed a hellion
   130 | D        | Reached skill level 1 in Dodging
   130 | D        | Killed a hellion
   139 | D        | Killed a hellion
   140 | D        | Killed a hellion
   183 | D        | Killed a white draconian scorcher
   235 | D        | Noticed a water elemental
   235 | D        | Killed a hellion
   245 | D        | Killed a white draconian scorcher
   246 | D        | Slain by a water elemental

Skill      XL: |  1  2  3 |
---------------+----------+-----
Fighting       | 6 |  6.9
Maces & Flails | 4 |  4.6
Dodging        | 1 |  1.2
Armour         | |  3.2
Shields        | |  3.2

Action                   || total
-------------------------++-------
Melee: Flail             ||    30
  Use: Scroll            ||     8
       Potion            ||     2
Armor: Scale mail        ||    12
Dodge: Dodged            ||     7
Block: Shield            ||     8
